 Dungeon Crawl Stone Soup version 0.22.1-1-ga44c0e5 (webtiles) character file.

319 Lauz the Magician (level 6, -2/32 HPs)
             Began as a Deep Elf Air Elementalist on Oct 29, 2018.
             Was an Initiate of Sif Muna.
             Slain by a quokka (3 damage)
             ... summoned by Eustachio
             ... on level 4 of the Dungeon.
             The game lasted 00:26:04 (5295 turns).

Lauz the Magician (Deep Elf Air Elementalist)       Turns: 5295, Time: 00:26:05

Health: -2/32      AC:  4    Str:  5      XL:     6   Next: 21%
Magic:  2/17       EV: 12    Int: 22      God:    Sif Muna [......]
Gold:   329        SH:  0    Dex: 12 (15) Spells: 11/18 levels left

rFire    . . .     SeeInvis .   q - +0 dagger (venom)
rCold    . . .     Gourm    .   (no shield)
rNeg     + . .     Faith    .   n - +2 robe {rN+}
rPois    .         Spirit   .   (no helmet)
rElec    .         Reflect  .   (no cloak)
rCorr    .         Harm     .   (no gloves)
MR       .....                  (no boots)
Stlth    ++........             (no amulet)
HPRegen  0.10/turn              i - ring of flight
MPRegen  0.15/turn              (no ring)

@: swift, very quick
A: no striking features
a: Renounce Religion, Evoke Flight


You were on level 4 of the Dungeon.
You worshipped Sif Muna.
Sif Muna was noncommittal.
You were not hungry.

You visited 2 branches of the dungeon, and saw 5 of its levels.

You collected 329 gold pieces.

Inventory:

Hand Weapons
 q - a +0 dagger of venom (weapon)
Armour
 a - a +0 robe
 l - a +1 pair of gloves
 n - a +2 robe of positive energy (worn)
Jewellery
 i - a ring of flight (left hand)
Scrolls
 d - 10 scrolls of identify {unknown}
 e - a scroll of magic mapping {unknown}
 h - 8 scrolls of remove curse {unknown}
 j - a scroll of fear {unknown}
 k - a scroll of enchant weapon {unknown}
 m - a scroll of blinking {unknown}
 p - a scroll of enchant armour {unknown}
 r - a scroll of immolation {unknown}
 s - 2 scrolls of amnesia {unknown}
Potions
 b - a potion of haste {unknown}
 f - a potion of brilliance {unknown}
 g - a potion of curing {unknown}
 o - a potion of might {unknown}
 t - 2 potions of agility {unknown}
 u - 2 potions of lignification {unknown}
Comestibles
 c - 6 rations


   Skills:
 + Level 0.1 Fighting
 - Level 2.4 Dodging
 - Level 2.4 Stealth
 * Level 6.5 Spellcasting
 * Level 3.4 Conjurations
 + Level 4.3 Air Magic


You had 11 spell levels left.
You knew the following spells:

 Your Spells              Type           Power        Failure   Level  Hunger
a - Shock                 Conj/Air       ###.         1%          1    None
b - Swiftness             Chrm/Air       ###.....     5%          2    None
c - Airstrike             Air            ####......   14%         4    ###....

Your spell library contained the following spells:

 Spells                   Type           Power        Failure   Level  Hunger
 Static Discharge         Conj/Air       ###.....     5%          3    #......
 Lightning Bolt           Conj/Air       ###.......   43%         5    #####..


Dungeon Overview and Level Annotations

Branches:
Dungeon (4/15)             Temple (1/1) D:4

Altars:
Cheibriados
Elyvilon
Fedhas
Gozag
Hepliaklqana
Kikubaaqudgha
Makhleb
Nemelex Xobeh
Okawaru
Qazlal
Ru
Sif Muna
Trog
Uskayaw
Vehumet
Wu Jian
Xom
Yredelemnul
Zin
The Shining One

Annotations:
D:2 exclusion: oklob plant
D:3 1 runed door, Jaiteiro's ghost, amateur SpEE
D:4 Eustachio


Message History

The quokka is almost dead.
The zap misses Eustachio.
The crimson imp hits you but does no damage.
The ufetubus hits you. The ufetubus closely misses you. The iron imp hits you!
Eustachio mumbles some strange words.
Eustachio blinks!
Casting: Shock (safe; 1% risk of failure)
Confirm with . or Enter, or press ? or * to list all spells.
You feel quick. The ufetubus closely misses you.
The ufetubus hits you but does no damage.
The crimson imp blinks!
The quokka bites you. The iron imp hits you!
* * * LOW HITPOINT WARNING * * *
The ufetubus closely misses you. The ufetubus barely misses you.
The quokka bites you.
* * * LOW HITPOINT WARNING * * *
The crimson imp blinks!
The ufetubus barely misses you. The ufetubus misses you.
You hit the crimson imp but do no damage.
The crimson imp is poisoned.
The quokka bites you.
You die...

#..............##################
#......................#....#....
#......................#....#....
#......................'....#....
#######[####....###....######....
......#.####<§..###....#.........
......#....#...r..#....#.........
......#....#..55r.#....#.........
......'....#..§r@5'....'.........
......##################.........
####### ##########


You could see an iron imp, a crimson imp, a river rat, an ufetubus and 2
quokkas.

Vanquished Creatures
  A howler monkey (D:4)
  An orc wizard (D:3)
  A hound (D:4)
  2 iguanas
  Robin (D:4)
  2 adders
  2 oozes (D:1)
  4 worms
  3 dart slugs
  5 leopard geckos
  7 orcs
  A ball python (D:3)
  5 giant cockroaches
  17 goblins
  6 hobgoblins
  9 jackals
  3 quokkas
  8 bats
  6 frilled lizards
  13 kobolds
  3 rats
100 creatures vanquished.

Notes
Turn   | Place    | Note
-------+----------+-------------------------------------------
     0 | D:1      | Lauz the Deep Elf Air Elementalist began the quest for the
                  | Orb.
     0 | D:1      | Reached XP level 1. HP: 10/10 MP: 6/6
   225 | D:1      | Reached XP level 2. HP: 15/15 MP: 4/8
   577 | D:1      | Reached XP level 3. HP: 19/19 MP: 6/10
  1021 | D:2      | Reached skill level 4 in Spellcasting
  1237 | D:2      | Found a blossoming altar of Fedhas.
  1258 | D:2      | Noticed an oklob plant
  1634 | D:2      | Reached XP level 4. HP: 21/24 MP: 9/12
  1730 | D:2      | Learned a level 2 spell: Swiftness
  2307 | D:3      | Reached skill level 5 in Spellcasting
  2430 | D:3      | Reached XP level 5. HP: 17/28 MP: 3/14
  2757 | D:3      | Found a runed door.
  2762 | D:3      | Noticed Jaiteiro's ghost (amateur SpEE)
  3663 | D:4      | Found a staircase to the Ecumenical Temple.
  3684 | D:4      | Reached skill level 6 in Spellcasting
  3694 | Temple   | Entered the Ecumenical Temple
  3809 | Temple   | Became a worshipper of Sif Muna the Loreminder
  4057 | D:4      | Noticed Eustachio
  4196 | D:4      | Reached XP level 6. HP: 32/32 MP: 11/17
  4246 | D:4      | Noticed Robin
  4250 | D:4      | Killed Robin
  4319 | D:4      | Learned a level 4 spell: Airstrike
  5229 | D:4      | Found a hide-covered altar of Uskayaw.
  5294 | D:4      | HP: 1/32 [quokka[Eustachio] (1)]
  5295 | D:4      | Slain by a quokka

Skill      XL: |  1  2  3  4  5 |
---------------+----------------+-----
Spellcasting   | 4 5 6 |  6.5
Conjurations   | 2 3 |  3.4
Air Magic      | 4 |  4.3
Fighting       | |  0.1
Dodging        | |  2.4
Stealth        | |  2.4

Action                   |  1- 3 |  4- 6 || total
-------------------------+-------+-------++-------
Melee: Dagger            |       |     5 ||     5
 Cast: Shock             |    84 |   149 ||   233
       Airstrike         |       |     7 ||     7
       Swiftness         |       |     2 ||     2
  Eat: Chunk             |     1 |     3 ||     4
       Ration            |       |     3 ||     3
Armor: Robe              |       |    26 ||    26
Dodge: Dodged            |    10 |    71 ||    81
